 Dungeon Crawl Stone Soup version 0.31-a0-1611-g890cdf5628 (webtiles) character file.

Game seed: 5788515904754199711

45993 voltaire321 the Covert (level 14, -2/88 HPs)
             Began as a Kobold Enchanter on Jan 9, 2024.
             Was a High Priest of Wu Jian.
             Slain by a death yak (21 damage)
             ... on level 5 of the Lair of Beasts.
             The game lasted 01:07:52 (21574 turns).

voltaire321 the Covert (Kobold Enchanter)          Turns: 21574, Time: 01:07:53

Health: -2/88      AC: 12    Str:  9    XL:     14   Next: 74%
Magic:  23/26      EV: 19    Int: 28    God:    Wu Jian [*****.]
Gold:   2032       SH:  9    Dex: 17    Spells: 9/29 levels left

rFire   . . .        U - +1 rapier (venom)
rCold   . . .        t - +0 buckler
rNeg    . . .        a - +0 acid dragon scales
rPois   .            E - +2 hat {Int+3}
rElec   .            M - +0 cloak
rCorr   +            b - +1 pair of gloves "Balurib" {rCorr Int+3}
SInv    +            (no boots)
Will    +....        S - amulet of reflection
Stlth   ++++++       n - ring of see invisible
HPRegen 0.34/turn    x - +6 ring of intelligence
MPRegen 0.20/turn

%: reflection
@: no status effects
A: small, no large weapons, nightstalker 3
a: Renounce Religion, Wall Jump, Serpent's Lash, Heavenly Storm


You were on level 5 of the Lair of Beasts.
You worshipped Wu Jian.
Wu Jian was extremely pleased with you.
You visited 3 branches of the dungeon, and saw 16 of its levels.
You also visited: Ossuary and Ice Cave.

You collected 2032 gold pieces.

Inventory:

Hand Weapons
 m - a +4 short sword of freezing
 K - a +2 dagger of venom
 R - a +6 dagger
 U - a +1 rapier of venom (weapon)
Missiles
 w - 6 poisoned darts
 N - a curare-tipped dart
Armour
 a - +0 acid dragon scales (worn)
 b - the +1 pair of gloves "Balurib" (worn) {rCorr Int+3}
   (You acquired it on level 1 of the Lair of Beasts)

   Int+3:     It affects your intelligence (+3).
   rCorr:     It protects you from acid and corrosion.
 t - a +0 buckler (worn)
 C - a +2 hat of willpower
 E - a +2 hat of intelligence (worn)
 M - a +0 cloak (worn)
Magical Staves
 A - a staff of earth
Jewellery
 n - a ring of see invisible (left hand)
 x - a +6 ring of intelligence (right hand)
 y - a ring of protection from cold
 G - a ring of positive energy
 L - a ring of willpower
 S - an amulet of reflection (around neck)
Wands
 B - a wand of charming (5)
 O - a wand of acid (6)
 P - a wand of iceblast (13)
Scrolls
 d - a scroll of revelation
 e - 3 scrolls of teleportation
 f - 4 scrolls of fog
 j - 7 scrolls of poison
 l - 5 scrolls of amnesia
 z - a scroll of brand weapon
 D - 3 scrolls of identify
 F - a scroll of acquirement
 H - a scroll of summoning
 J - a scroll of enchant armour
Potions
 c - 3 potions of invisibility
 g - 2 potions of mutation
 h - a potion of might
 i - a potion of brilliance
 k - 4 potions of haste
 o - 2 potions of enlightenment
 p - 6 potions of resistance
 r - 5 potions of lignification
 s - 9 potions of curing
 u - a potion of berserk rage
 I - a potion of cancellation
 Q - 2 potions of ambrosia
Miscellaneous
 q - a sack of spiders


   Skills:
 + Level 10.4 Fighting
 + Level 10.8 Short Blades
 - Level 5.0 Armour
 + Level 11.6 Dodging
 + Level 13.7 Stealth
 * Level 0.8 Shields
 - Level 8.0 Spellcasting
 - Level 5.0 Conjurations
 + Level 10.0 Hexes
 - Level 4.0 Summonings
 - Level 4.0 Ice Magic
 - Level 6.0 Earth Magic
 + Level 2.5 Evocations


You had 9 spell levels left.
You knew the following spells:

 Your Spells              Type           Power      Damage    Failure   Level
a - Ensorcelled Hibernat  Hex/Ice        100%       N/A       1%          2
b - Confusing Touch       Hex            61%        N/A       1%          3
c - Tukima's Dance        Hex            61%        N/A       1%          3
d - Dazzling Flash        Conj/Hex       100%       N/A       1%          3
e - Stone Arrow           Conj/Erth      84%        3d12      3%          3
f - Passwall              Erth           44%        N/A       3%          3
g - Summon Ice Beast      Ice/Summ       33%        N/A       7%          3

Your spell library contained the following spells:

 Spells                   Type           Power      Damage    Failure   Level
 Sandblast                Erth           88%        2d18      1%          1
 Inner Flame              Hex/Fire       39%        N/A       4%          3
 Brom's Barrelling Bould  Conj/Erth      42%        2d6       13%         4
 Animate Armour           Summ/Erth      78%        N/A       16%         4
 Cigotuvi's Dreadful Rot  Necr/Alch/Air  22%        N/A       19%         2
 Summon Mana Viper        Hex/Summ       50%        N/A       19%         5
 Lee's Rapid Deconstruct  Erth           22%        3d12*     28%         5
 Flame Wave               Conj/Fire      25%        2d8       41%         4
 Iskenderun's Battlesphe  Conj           39%        2d9       41%         5
 Martyr's Knell           Necr/Summ      22%        N/A       47%         4
 Summon Lightning Spire   Summ/Air       22%        N/A       47%         4
 Freezing Cloud           Conj/Ice/Air   14%        6-21      69%         5
 Dispel Undead            Necr           11%        3d9       77%         4
 Ignite Poison            Fire/Alch      11%        N/A       77%         4
 Sticky Flame             Fire/Alch      11%        2d5       77%         4
 Bombard                  Conj/Erth      21%        9d4       89%         6
 Death Channel            Necr           5%         N/A       100%        6
 Sculpt Simulacrum        Ice/Alch       11%        N/A       100%        6
 Monstrous Menagerie      Summ           16%        N/A       100%        7
 Spellforged Servitor     Conj/Summ      18%        N/A       100%        7
 Ignition                 Fire           5%         3d4       100%        8


Dungeon Overview and Level Annotations

Branches:
Dungeon (10/15)            Temple (1/1) D:7            Lair (5/5) D:8
  Swamp (0/4) Lair:2       Spider (0/4) Lair:3        Slime (0/5) Lair:4
Ossuary (visited)           IceCv (visited)
    Orc: D:9-12

Altars:
Ashenzari
Cheibriados
Dithmenos
Elyvilon
Fedhas
Gozag
Hepliaklqana
Kikubaaqudgha
Makhleb
Nemelex Xobeh
Okawaru
Qazlal
Ru
Sif Muna
Trog
Uskayaw
Vehumet
Wu Jian
Xom
Yredelemnul
Zin
The Shining One
Jiyva

Shops:
D:6 :

Annotations:
D:7 1 transporter, Newt's ghost, amateur MfGl


Innate Abilities, Weirdness & Mutations

You are small and have problems with some larger weapons.
You are completely attuned to the shadows.


Message History

Aiming: Ensorcelled Hibernation (safe; 1% risk of failure)
Press: ? - help, Q - select action, (/) - cycle Shift-Dir - straight line, f - death yak
Aim: a death yak (chance to affect: 10%)
The death yak resists with almost no effort.
Aiming: Ensorcelled Hibernation (safe; 1% risk of failure)
Press: ? - help, Q - select action, (/) - cycle Shift-Dir - straight line, f/p - death yak
Aim: a death yak (chance to affect: 10%)
The death yak resists with almost no effort.
The death yak completely misses you.
Aiming: Ensorcelled Hibernation (safe; 1% risk of failure)
Press: ? - help, Q - select action, (/) - cycle Shift-Dir - straight line, f/p - death yak
Aim: a death yak (chance to affect: 10%)
The death yak resists with almost no effort.
The death yak gores you!!
Aiming: Ensorcelled Hibernation (safe; 1% risk of failure)
Press: ? - help, Q - select action, (/) - cycle Shift-Dir - straight line, f/p - death yak
Aim: a death yak (chance to affect: 10%)
The death yak resists with almost no effort.
The death yak gores you!
Aiming: Ensorcelled Hibernation (safe; 1% risk of failure)
Press: ? - help, Q - select action, (/) - cycle Shift-Dir - straight line, f/p - death yak
Aim: a death yak (chance to affect: 10%)
The death yak resists with almost no effort.
The death yak gores you!!
* * * LOW HITPOINT WARNING * * *
Magic courses through your body.
The death yak gores you but does no damage.
You feel better. The death yak gores you.
* * * LOW HITPOINT WARNING * * *
Aiming: Ensorcelled Hibernation (safe; 1% risk of failure)
Press: ? - help, Q - select action, (/) - cycle Shift-Dir - straight line, f/p - death yak
Aim: a death yak (chance to affect: 10%)
The death yak resists with almost no effort.
You block the death yak's attack.
Aiming: Ensorcelled Hibernation (safe; 1% risk of failure)
Press: ? - help, Q - select action, (/) - cycle Shift-Dir - straight line, f/p - death yak
Aim: a death yak (chance to affect: 10%)
The death yak resists with almost no effort.
The death yak gores you!!
You die...

*** ,.♣♣♣♣ *....♣ *******
**♣..♣♣♣♣♣ ###*..**,*** *♣.....♣
#@##..,,,,,* ♣♣.....♣♣
####Y#.....,,,** ***
♣♣..♣....###.#.h......,,,,****,,
♣♣...♣♣♣♣..............,,,,,,,,,,
♣...♣♣ ♣♣......<......,,,,,,,,,,
...♣♣ ♣#.#..........,,,,,,,*,*
.†..♣ #.###.........,,,,,,,*,,
♣.†♣♣ ♣#* ##........,,,,,,*,**
...♣ #P........,,,,,,,***


You could see a death yak and a wolf (very poisoned).

Vanquished Creatures
  Gastronok (Lair:2)
  A reaper (IceCv)
  Josephine (Lair:5)
  2 hydras
  A two-headed ogre (D:8)
  3 death yaks
  A boulder beetle (Lair:5)
  2 skysharks
  A manticore (D:8)
  A meliai (Lair:3)
  7 black mambas
  2 ice statues (IceCv)
  10 cane toads
  Maggie (D:10)
  6 komodo dragons
  A rime drake (Lair:4)
  A freezing wraith (IceCv)
  6 ice devils (IceCv)
  An anaconda simulacrum (IceCv)
  4 hornets (Lair:5)
  A polar bear (Lair:5)
  A troll (D:8)
  Prince Ribbit (D:8)
  Grinder (D:6)
  16 blink frogs
  3 dream sheep (Lair:5)
  3 slime creatures
  17 spriggans
  6 wraiths
  37 yaks
  5 dire elephant simulacra (IceCv)
  2 wyverns
  4 basilisks
  Menkaure (D:7)
  2 harpy simulacra (IceCv)
  14 water moccasins
  2 hydra simulacra (IceCv)
  An acid dragon (D:8)
  An ice beast (D:5)
  3 black bears (Lair:5)
  2 boggarts (Lair:5)
  28 wolves
  2 centaurs
  A phantom (D:6)
  A kobold brigand (D:7)
  A weeping skull (Ossuary)
  17 bullfrogs
  7 scorpions
  5 water moccasin zombies (Ossuary)
  8 wights (D:8)
  46 killer bees
  6 howler monkeys
  5 electric eels
  7 jellies
  A bombardier beetle (D:3)
  4 orc priests
  11 hounds
  An iguana (D:4)
  2 sleepcaps (D:5)
  Natasha (thrice) (D:2)
  3 orc wizards
  A spriggan simulacrum (IceCv)
  A troll simulacrum (IceCv)
  2 crocodile zombies (Ossuary)
  2 mummies (Ossuary)
  Robin (D:2)
  6 adders
  A naga simulacrum (IceCv)
  A shadow imp (D:6)
  10 white imps
  4 ufetubi
  7 adder zombies (Ossuary)
  2 ribbon worms
  2 dart slugs
  13 orcs
  5 bats
  9 endoplasms
  3 giant cockroaches
  12 goblins
  11 hobgoblins
  2 jackals (D:2)
  4 quokkas
  8 ball pythons
  2 frilled lizards
  4 gnoll zombies (Ossuary)
  A jackal zombie (Ossuary)
  6 kobolds
  7 orc zombies (Ossuary)
  5 rats
467 creatures vanquished.

Vanquished Creatures (collateral kills)
  A komodo dragon (Lair:1)
  A yak (Lair:4)
  4 white imps (Lair:5)
6 creatures vanquished.

Vanquished Creatures (others)
  A dancing weapon (D:8)
1 creature vanquished.

Grand Total: 474 creatures vanquished

Notes
Turn   | Place    | Note
-------+----------+-------------------------------------------
     0 | D:1      | voltaire321 the Kobold Enchanter began the quest for the
                  | Orb.
     0 | D:1      | Reached XP level 1. HP: 10/10 MP: 3/3
   312 | D:1      | Reached XP level 2. HP: 16/16 MP: 5/5
   315 | D:1      | Learned a level 2 spell: Ensorcelled Hibernation
  1067 | D:1      | Reached XP level 3. HP: 20/20 MP: 6/6
  1469 | D:2      | Noticed Natasha
  1476 | D:2      | Killed Natasha
  1477 | D:2      | Reached skill level 1 in Fighting
  1565 | D:2      | Reached XP level 4. HP: 25/25 MP: 4/7
  1866 | D:2      | Found a glowing golden altar of the Shining One.
  1940 | D:2      | Noticed Natasha
  1945 | D:2      | Killed Natasha
  1946 | D:2      | Reached skill level 1 in Ice Magic
  1955 | D:2      | Noticed Robin
  2035 | D:2      | Killed Robin
  2036 | D:2      | Reached XP level 5. HP: 21/29 MP: 5/9
  2422 | D:2      | Learned a level 3 spell: Confusing Touch
  2426 | D:2      | Learned a level 3 spell: Tukima's Dance
  2594 | D:2      | Noticed Natasha
  2602 | D:2      | Killed Natasha
  2714 | D:3      | Found an opulent altar of Gozag.
  2718 | D:3      | Found a hazy altar of Hepliaklqana.
  2720 | D:3      | Found a sparkling altar of Nemelex Xobeh.
  2721 | D:3      | Found a snail-covered altar of Cheibriados.
  2721 | D:3      | Found a radiant altar of Vehumet.
  2800 | D:3      | Found an iron altar of Okawaru.
  2920 | D:3      | Found a shadowy altar of Dithmenos.
  3056 | D:3      | You fall into a shaft and drop 2 floors!
  3056 | D:5      | Entered Level 5 of the Dungeon
  3127 | D:4      | Found a sand-covered staircase.
  3134 | Ossuary  | Entered an ossuary
  3188 | Ossuary  | Reached skill level 5 in Stealth
  3188 | Ossuary  | Reached XP level 6. HP: 20/35 MP: 10/10
  3528 | Ossuary  | Reached XP level 7. HP: 21/40 MP: 5/11
  4316 | D:3      | Reached skill level 6 in Stealth
  4316 | D:3      | Reached XP level 8. HP: 46/46 MP: 13/13
  4522 | D:4      | Learned a level 3 spell: Dazzling Flash
  4933 | D:4      | Found a broken altar of Ashenzari.
  5198 | D:5      | Reached skill level 1 in Conjurations
  5435 | D:5      | Reached skill level 5 in Dodging
  5531 | D:5      | Reached skill level 5 in Short Blades
  5785 | D:5      | Reached XP level 9. HP: 52/52 MP: 15/15
  6010 | D:6      | Found Luiruloth's Vocational Training.
  6140 | D:6      | Noticed Grinder
  6144 | D:6      | Killed Grinder
  6145 | D:6      | Reached skill level 7 in Stealth
  6145 | D:6      | Reached skill level 5 in Hexes
  6379 | D:6      | Found a basalt altar of Yredelemnul.
  6730 | D:7      | Noticed Menkaure
  7520 | D:7      | Reached skill level 5 in Spellcasting
  7717 | D:7      | Found a staircase to the Ecumenical Temple.
  7723 | Temple   | Entered the Ecumenical Temple
  7728 | Temple   | Became a worshipper of the Wu Jian Council
  7768 | D:7      | Killed Menkaure
  7769 | D:7      | Reached skill level 5 in Fighting
  7951 | D:7      | Found a transporter.
  7954 | D:7      | Noticed Newt's ghost (amateur MfGl)
  8075 | D:8      | Noticed Prince Ribbit
  8081 | D:8      | Killed Prince Ribbit
  8082 | D:8      | Reached skill level 8 in Stealth
  8082 | D:8      | Reached XP level 10. HP: 37/59 MP: 10/17
  8259 | D:8      | Noticed a two-headed ogre
  8263 | D:8      | Killed a two-headed ogre
  9320 | D:8      | Found a shimmering blue altar of Sif Muna.
  9349 | D:8      | Found a staircase to the Lair.
  9595 | D:8      | Noticed a manticore
  9606 | D:8      | Killed a manticore
  9607 | D:8      | Reached skill level 9 in Stealth
  9827 | D:8      | Reached * piety under Wu Jian
  9954 | D:9      | Reached XP level 11. HP: 64/64 MP: 17/20
 10090 | D:9      | Found a burning altar of Makhleb.
 10401 | D:9      | Found a white marble altar of Elyvilon.
 10849 | D:10     | Entered Level 10 of the Dungeon
 11396 | D:10     | Noticed Maggie
 11399 | D:10     | Killed Maggie
 11752 | D:10     | Noticed a skeletal warrior
 11752 | D:10     | Noticed a skeletal warrior
 11877 | Lair:1   | Entered Level 1 of the Lair of Beasts
 11971 | Lair:1   | Reached skill level 5 in Conjurations
 12056 | Lair:1   | Identified 2 scrolls of acquirement
 12056 | Lair:1   | Acquired 1075 gold pieces
 12114 | Lair:1   | Reached skill level 1 in Armour
 12132 | Lair:1   | Acquired the +1 pair of gloves "Balurib" {rCorr Int+3}
 12317 | Lair:1   | Reached skill level 10 in Stealth
 12682 | Lair:1   | Reached XP level 12. HP: 72/72 MP: 14/22
 12835 | Lair:1   | Learned a level 3 spell: Stone Arrow
 13260 | Lair:2   | Found a staircase to the Swamp.
 13421 | Lair:2   | Reached skill level 1 in Earth Magic
 13436 | Lair:2   | Reached ** piety under Wu Jian
 13604 | Lair:2   | Noticed an eight-headed hydra
 13613 | Lair:2   | Killed an eight-headed hydra
 14245 | Lair:2   | Noticed Gastronok
 14256 | Lair:2   | Killed Gastronok
 14257 | Lair:2   | Reached skill level 11 in Stealth
 14907 | Lair:3   | Found a hole to the Spider Nest.
 14977 | Lair:3   | Reached skill level 10 in Short Blades
 15003 | Lair:3   | Reached XP level 13. HP: 78/78 MP: 24/24
 15013 | Lair:3   | Reached skill level 5 in Armour
 15323 | Lair:3   | Reached *** piety under Wu Jian
 15739 | Lair:3   | Reached skill level 10 in Dodging
 16042 | Lair:3   | Reached skill level 12 in Stealth
 16350 | Lair:3   | Learned a level 3 spell: Passwall
 16517 | Lair:3   | Reached **** piety under Wu Jian
 16844 | Lair:3   | Learned a level 3 spell: Summon Ice Beast
 17049 | Lair:4   | Found a staircase to the Slime Pits.
 17103 | Lair:4   | Reached skill level 1 in Summonings
 17521 | Lair:4   | Noticed a six-headed hydra
 17527 | Lair:4   | Killed a six-headed hydra
 17754 | Lair:4   | Reached skill level 5 in Earth Magic
 18277 | Lair:4   | Found a viscous altar of Jiyva.
 18517 | Lair:5   | Entered Level 5 of the Lair of Beasts
 18530 | Lair:4   | Reached XP level 14. HP: 86/86 MP: 23/26
 18856 | Lair:5   | Noticed Josephine
 18877 | Lair:5   | Reached skill level 13 in Stealth
 18929 | Lair:5   | Found a frozen archway.
 19004 | IceCv    | Entered an ice cave
 20476 | IceCv    | Reached ***** piety under Wu Jian
 20477 | IceCv    | Reached skill level 10 in Fighting
 20505 | IceCv    | Noticed a reaper
 20507 | IceCv    | Killed a reaper
 20513 | IceCv    | Got the Vellum of Cold
 21161 | Lair:5   | Killed Josephine
 21162 | Lair:5   | Reached skill level 1 in Evocations
 21554 | Lair:5   | Reached skill level 10 in Hexes
 21574 | Lair:5   | Slain by a death yak

Illustrated notes

Levels and vault maps discovered:
D:1:      tekkud_arrival_beachfront_property, layout_loops_corners,
          nicolae_eternal_life
D:2:      layout_basic, basic_altar, chequers_serial_rivers_micro_d,
          kennysheep_cross_room, uniq_robin, uniq_natasha
D:3:      kennysheep_big_flooded_room, layout_loops_ring, amcnicky_altar_gilded,
          minitemple, old_standard_altar, st_stairs_9, nicolae_titane
D:4:      layout_cave_pools, cheibrodos_ashenzari_chains, enter_ossuary_3
D:5:      layout_gridville, nicolae_concentric_dashed_squares_mild,
          grunt_decor_resistance
D:6:      layout_basic, lemuel_doored_altar, nicolae_shop_vocational,
          uniq_grinder
D:7:      layout_cave_pools, minmay_temple_entry_glass, gammafunk_ghost_smash,
          uniq_menkaure
D:8:      layout_basic, lemuel_round_altar, erik_lair_island, wad_mini_maze,
          uniq_prince_ribbit1
D:9:      layout_long_grid, old_standard_altar, bloody_makhleb
D:10:     layout_stronghold, uniq_maggie
Temple:   hellmonk_temple_micro_hex
Lair:1:   layout_roguey, beast_lair_carwin_2
Lair:2:   layout_chaotic_city, swamp_mist, minivault_25, serial_bayou_lake_a,
          lemuel_fruit_tree, uniq_gastronok
Lair:3:   wad_woods_minihive, layout_regular_city,
          hellmonk_spider_entry_not_the_bees
Lair:4:   layout_gridlike, minmay_slime_entry_pillars
Lair:5:   minmay_lair_end_enchanted_forest, layout_cave_pods,
          portal_ice_cave_entry_imps, nicolae_quartered_pool_medium,
          uniq_josephine

Skill      XL: |  1  2  3  4  5  6  7  8  9 10 11 12 13 14 |
---------------+-------------------------------------------+-----
Short Blades   | 2 3 4 5 6 7 9 10 | 10.8
Fighting       | 1 2 3 4 5 6 7 8 9 10 | 10.4
Dodging        | 3 4 5 6 7 8 9 10 11 | 11.6
Ice Magic      | 1 2 3 4 |  4.0
Stealth        | 5 6 8 9 10 11 12 13 | 13.7
Spellcasting   | 3 4 5 6 7 8 |  8.0
Hexes          | 4 5 6 7 8 9 10 | 10.0
Conjurations   | 1 3 4 5 |  5.0
Armour         | 3 4 5 |  5.0
Earth Magic    | 2 5 6 |  6.0
Summonings     | 2 4 |  4.0
Evocations     | 2 |  2.5
Shields        | |  0.8

Action                     |  1- 3 |  4- 6 |  7- 9 | 10-12 | 13-15 || total
---------------------------+-------+-------+-------+-------+-------++-------
  Melee: Dagger            |    44 |   194 |   285 |    84 |       ||   607
         Punch             |     2 |     2 |       |     1 |    10 ||    15
         Short sword       |       |       |       |   219 |   427 ||   646
         Rapier            |       |       |       |       |   231 ||   231
  Throw: Dart              |       |       |       |     1 |       ||     1
   Cast: Ensorcelled Hiber |    10 |    16 |    48 |    98 |   148 ||   320
         Confusing Touch   |       |     2 |     9 |    10 |    12 ||    33
         Tukima's Dance    |       |       |       |     3 |       ||     3
         Summon Ice Beast  |       |       |       |       |    12 ||    12
         Passwall          |       |       |       |       |     2 ||     2
         Stone Arrow       |       |       |       |       |    22 ||    22
Ability: Lunge             |       |       |     2 |    43 |    42 ||    87
         Whirlwind         |       |       |       |    11 |    31 ||    42
  Evoke: Wand              |       |       |       |     7 |       ||     7
    Use: Scroll            |       |     6 |     6 |    19 |     6 ||    37
         Potion            |       |     2 |     2 |     1 |     8 ||    13
   Stab: Sleeping          |    14 |    30 |    48 |    98 |   106 ||   296
         Distracted        |       |     3 |     2 |     9 |    15 ||    29
         Confused          |       |       |     6 |    10 |    16 ||    32
 Armour: Robe              |    11 |    67 |   127 |    52 |       ||   257
         Acid dragon scale |       |       |       |    65 |   206 ||   271
  Dodge: Dodged            |    34 |    97 |   194 |   187 |   408 ||   920
  Block: Other             |       |       |       |    24 |    90 ||   114
         Buckler           |       |       |       |       |     9 ||     9

Table legend: (Time is in decaauts)
 A = Elapsed time spent in this place.
 B = Non-inter-level travel time spent in this place.
 C = Inter-level travel time spent in this place.
 D = Time resting spent in this place.
 E = Time spent auto-exploring this place.
 F = Levels seen in this place.
 G = Mean time per level.
                   A        B        C        D        E       F      G
               +--------+--------+--------+--------+--------+-----+--------+
         Total |  21214 |  20815 |    399 |   7056 |   9036 |  18 | 1178.6 |
       Dungeon |  11046 |  10731 |    315 |   2343 |   6336 |  10 | 1104.6 |
        Temple |     10 |     10 |      0 |      0 |      0 |   1 |   10.0 |
          Lair |   7502 |   7419 |     83 |   2836 |   2673 |   5 | 1500.4 |
       Ossuary |    762 |    762 |      0 |    453 |      8 |   1 |  762.0 |
      Ice Cave |   1892 |   1892 |      0 |   1424 |     19 |   1 | 1892.0 |
               +--------+--------+--------+--------+--------+-----+--------+

Top non-repeatable levels by time:
  Lair:3: 2042 daAuts
  Lair:4: 1916 daAuts
   IceCv: 1892 daAuts
     D:8: 1602 daAuts
  Lair:2: 1505 daAuts
     D:1: 1488 daAuts
  Lair:1: 1287 daAuts
     D:2: 1191 daAuts
     D:6: 1163 daAuts
     D:7: 1137 daAuts
     D:5: 1062 daAuts
     D:9: 1006 daAuts
    D:10: 927 daAuts
     D:3: 818 daAuts
 Ossuary: 762 daAuts
